 Dungeon Crawl Stone Soup version 0.20-a0-647-gf178af5 (webtiles) character file.

11279 Laphicet the Protected (level 11, -1/89 HPs)
             Began as a Barachian Fighter on Feb 15, 2017.
             Was a High Priest of Cheibriados.
             Slain by a wolf (7 damage)
             ... led by Grum
             ... on level 9 of the Dungeon.
             The game lasted 00:29:14 (13272 turns).

Laphicet the Protected (Barachian Fighter)         Turns: 13272, Time: 00:29:14

Health: -1/89      AC: 18    Str: 25    XL:     11   Next: 75%
Magic:  24/25      EV: 19    Int: 31    God:    Cheibriados [*****.]
Gold:   425        SH: 13    Dex: 27    Spells: 16/16 levels left

rFire    . . .     SeeInvis +   p - +4 spear (flame)
rCold    . . .     Gourm    .   u - +0 shadow dragon scales
rNeg     . . .     Faith    .   c - +0 shield
rPois    .         Spirit   .   J - +3 hat of Pondering {ponderous, MR+ MP+10 Int+5}
rElec    .         Reflect  .   M - +0 cloak
rCorr    .         Harm     .   (no gloves)
MR       +....     Clarity  +   (no boots)
Stlth    ++++......             (no amulet)
Regen    0.3/turn               y - ring of see invisible
MPRegen  0.2/turn               r - +5 ring of intelligence

@: agile, about to teleport, very slow
A: swims, clarity, slowness 1, strong legs 1
a: Hop, Bend Time, Temporal Distortion, Slouch, Step From Time, Renounce
Religion


You were on level 9 of the Dungeon.
You worshipped Cheibriados.
Cheibriados was extremely pleased with you.
You were not hungry.

You visited 2 branches of the dungeon, and saw 11 of its levels.

You collected 467 gold pieces.
You spent 42 gold pieces at shops.

Inventory:

Hand Weapons
 e - a +2 whip of flaming
 o - a +2 whip of freezing
 p - a +4 spear of flaming (weapon)
Armour
 c - a +0 shield (worn)
 s - a scarf of spirit shield
 u - +0 shadow dragon scales (worn)
 J - the +3 hat of Pondering (worn) {ponderous, MR+ MP+10 Int+5}
   (You took it off Gastronok on level 9 of the Dungeon)

   It affects your intelligence (+5).
   It affects your resistance to hostile enchantments.
   It affects your magic capacity (+10).
 M - a +0 cloak (worn)
Jewellery
 r - a +5 ring of intelligence (left hand)
 y - a ring of see invisible (right hand)
Wands
 d - a wand of clouds (5/9)
 C - a wand of confusion (32/48)
 D - a wand of lightning (5/15)
 I - a wand of iceblast (3/15)
 L - a wand of acid (2/15)
Scrolls
 m - 7 scrolls of remove curse
 E - a scroll of identify
 F - a scroll of enchant armour
 G - a scroll of enchant weapon
 H - a scroll of magic mapping
Potions
 a - a potion of might
 g - 2 potions of magic
 k - a potion of flight
 l - a potion of invisibility {unknown}
 n - 5 potions of brilliance
 t - 2 potions of resistance
 w - 3 potions of lignification
 x - a potion of cancellation
 K - a potion of degeneration {unknown}
Books
 b - a book of Necromancy

   Spells                             Type                      Level
   a - Pain                           Necromancy                   1
   b - Animate Skeleton               Necromancy                   1
   c - Vampiric Draining              Necromancy                   3
   d - Regeneration                   Charms/Necromancy            3
   e - Animate Dead                   Necromancy                   4
   f - Control Undead                 Necromancy                   4
 j - a book of Minor Magic

   Spells                             Type                      Level
   a - Magic Dart                     Conjuration                  1
   b - Blink                          Translocation                2
   c - Call Imp                       Summoning                    2
   d - Slow                           Hexes                        2
   e - Conjure Flame                  Conjuration/Fire             3
   f - Mephitic Cloud                 Conjuration/Poison/Air       3
 A - Sif Muna's Disquisition on Poisoning
   (You found it on level 4 of the Dungeon)

   Spells                             Type                      Level
   a - Sting                          Conjuration/Poison           1
Comestibles
 f - 7 bread rations
 h - 6 fruits
 i - 6 royal jellies
 q - a meat ration


   Skills:
 + Level 9.4 Fighting
   Level 3.0(5.8) Axes
 - Level 0.2(1.8) Maces & Flails
 + Level 7.0(7.3) Polearms
 + Level 9.5 Armour
 + Level 7.7 Dodging
 + Level 8.7 Shields
 + Level 3.0 Spellcasting


You had 16 spell levels left.
You didn't know any spells.

Dungeon Overview and Level Annotations

Branches:
Dungeon (10/15)            Temple (1/1) D:4            Lair (0/6) D:10
    Orc: D:9-12

Altars:
Ashenzari
Cheibriados
Dithmenos
Elyvilon
Fedhas
Gozag
Hepliaklqana
Kikubaaqudgha
Makhleb
Nemelex Xobeh
Okawaru
Qazlal
Ru
Sif Muna
Trog
Uskayaw
Vehumet
Xom
Yredelemnul
Zin
The Shining One

Shops:
D:4 }   D:5 }   D:7 ![[}(

Annotations:
D:3 slumpy's ghost, amateur FoFi
D:10 Grum


Innate Abilities, Weirdness & Mutations

You can swim through water.
You cover ground slowly.
You can hop short distances.
You possess an exceptional clarity of mind.


Message History

You fail to use your ability.
The wolf bites you!
* * * LOW HITPOINT WARNING * * *
The wolf bites you but does no damage. You block the wolf's attack.
The wolf closely misses you.
You fail to use your ability.
You block the wolf's attack. x2
The wolf closely misses you.
You fail to use your ability.
The wolf bites you.
* * * LOW HITPOINT WARNING * * *
The wolf barely misses you. You block the wolf's attack.
The wolf bites you but does no damage.
As you read the scroll of teleportation, it crumbles to dust.
You feel strangely unstable. You block the wolf's attack. x2
The wolf barely misses you.
Okay, then.
Okay, then.
You feel agile all of a sudden. You block the wolf's attack.
The wolf bites you but does no damage. The wolf closely misses you.
You block the wolf's attack. The wolf barely misses you.
You block the wolf's attack. The wolf bites you!
You die...

######...........# #...#.....#. #
#...........# #...'.....#. #
#...........#####...#.....#. #
#...................#.....#. #
#...................#'#####. #
#.........##'#####....[..).. #
#.........#......#.......).. #
#.........#.h....#....#####.
######.........#@.....#....# #.
........######.##h....##...# #.
........# #..#......#...# #.
........# #..#......#...# #.
........# #..#......#...# #.
........# #..#......#...# #.
........# #..########...#####.
........######...................
................>...............#


You could see 2 wolves.

Vanquished Creatures
  Gastronok (D:9)
  Erolcha (D:10)
  3 death yaks (D:9)
  A two-headed ogre (D:9)
  Pikel (D:5)
  A hornet (D:8)
  2 trolls
  A hippogriff (D:8)
  A wyvern (D:8)
  6 yaks
  A hungry ghost (D:8)
  A soldier ant (D:8)
  A water moccasin (D:6)
  An ice beast (D:8)
  5 orc warriors
  A sky beast (D:5)
  A black bear (D:7)
  3 slaves (D:5)
  A wolf (D:10)
  A necrophage (D:8)
  4 centaurs
  3 ogres
  8 bullfrogs
  A water moccasin skeleton (D:6)
  2 howler monkeys
  A bullfrog zombie (D:7)
  2 crimson imps
  A centaur zombie (D:8)
  2 jellies
  2 quasits
  2 centaur skeletons
  6 hounds
  9 orc priests
  14 orc wizards
  2 bullfrog skeletons
  3 iguanas
  6 worker ants
  A hell rat (D:10)
  A killer bee zombie (D:9)
  A hound skeleton (D:3)
  3 worker ant zombies
  3 gnolls (D:2)
  A river rat (D:10)
  18 adders
  A shadow imp (D:8)
  2 adder zombies
  2 worms
  3 dart slugs
  8 leopard geckos
  37 orcs
  2 ball pythons
  9 giant cockroaches
  13 goblins
  4 hobgoblins (D:1)
  6 jackals
  13 kobolds
  A quokka (D:10)
  11 bats
  3 frilled lizards
  A quokka skeleton (D:4)
  11 rats
257 creatures vanquished.

Vanquished Creatures (others)
  An orc wizard (D:8)
1 creature vanquished.

Grand Total: 258 creatures vanquished

Notes
Turn   | Place    | Note
-------+----------+-------------------------------------------
     0 | D:1      | Laphicet the Barachian Fighter began the quest for the Orb.
     0 | D:1      | Reached XP level 1. HP: 18/18 MP: 1/1
   444 | D:1      | Reached XP level 2. HP: 24/24 MP: 2/2
   637 | D:1      | Gained mutation: You possess an exceptional clarity of mind. [potion of mutation]
   637 | D:1      | Gained mutation: You are dopey. (Int -2) [potion of mutation]
   637 | D:1      | Lost mutation: You are dopey. (Int -2) [potion of mutation]
   642 | D:1      | HP: 1/24 [goblin (3)]
   643 | D:1      | Reached XP level 3. HP: 1/29 MP: 3/3
  1351 | D:1      | Reached skill level 1 in Dodging
  1624 | D:2      | Reached XP level 4. HP: 27/35 MP: 4/4
  2509 | D:2      | Found a shimmering altar of Xom.
  2562 | D:2      | Reached XP level 5. HP: 41/42 MP: 5/5
  2649 | D:3      | Found an iron altar of Okawaru.
  3221 | D:3      | Reached skill level 1 in Polearms
  3318 | D:3      | Noticed slumpy's ghost (amateur FoFi)
  3831 | D:4      | Reached XP level 6. HP: 48/48 MP: 6/6
  4059 | D:4      | Found a staircase to the Ecumenical Temple.
  4352 | D:4      | Found a deep blue altar of Sif Muna.
  4569 | D:4      | Found Puynut's Gadget Shop.
  5181 | D:4      | Reached XP level 7. HP: 55/55 MP: 7/7
  5195 | D:4      | Identified Sif Muna's Disquisition on Poisoning
  5239 | Temple   | Entered the Ecumenical Temple
  5462 | Temple   | Became a worshipper of Cheibriados the Contemplative
  5538 | D:5      | Entered Level 5 of the Dungeon
  5674 | D:5      | Noticed Pikel
  6002 | D:5      | Found a sacrificial altar of Ru.
  6003 | D:5      | Found a glowing silver altar of Zin.
  6080 | D:5      | Killed Pikel
  6080 | D:5      | Reached skill level 5 in Fighting
  6080 | D:5      | Reached skill level 5 in Armour
  6080 | D:5      | Reached skill level 5 in Shields
  6080 | D:5      | Reached XP level 8. HP: 29/63 MP: 4/8
  6261 | D:5      | Found Momoh's Gadget Shoppe.
  6364 | D:5      | Found a burning altar of Makhleb.
  6522 | D:5      | Reached * piety under Cheibriados
  7500 | D:6      | Reached XP level 9. HP: 67/69 MP: 7/9
  7879 | D:7      | Found Weguipp's Armour Emporium.
  7898 | D:7      | Found Uricuvab's Gadget Shop.
  7909 | D:7      | Found Rel Zec's Armour Emporium.
  8190 | D:7      | Found Sim Wolueng's Distillery.
  8205 | D:7      | Bought a potion of lignification for 42 gold pieces
  8390 | D:7      | Found Gaqoo's Weapon Shop.
  9032 | D:8      | Reached skill level 5 in Dodging
  9049 | D:8      | Reached ** piety under Cheibriados
  9638 | D:8      | Reached *** piety under Cheibriados
  9639 | D:8      | Reached skill level 5 in Polearms
  9815 | D:8      | Reached XP level 10. HP: 76/79 MP: 8/10
  9850 | D:8      | Paralysed by a hornet for 3 turns
 10522 | D:9      | Noticed a two-headed ogre
 10538 | D:9      | Killed a two-headed ogre
 10895 | D:9      | Noticed Gastronok
 10912 | D:9      | Killed Gastronok
 11148 | D:9      | Reached XP level 11. HP: 67/87 MP: 11/11
 11244 | D:9      | Found a bloodstained altar of Trog.
 11249 | D:9      | Found a stormy altar of Qazlal.
 11293 | D:8      | Reached skill level 1 in Spellcasting
 11373 | D:8      | Reached **** piety under Cheibriados
 11920 | D:10     | Entered Level 10 of the Dungeon
 11921 | D:10     | Noticed a death yak
 11951 | D:9      | Killed a death yak
 12085 | D:10     | Found a staircase to the Lair.
 12085 | D:10     | Noticed a death yak
 12090 | D:10     | Noticed a death yak
 12094 | D:10     | Noticed Grum
 12140 | D:9      | Killed a death yak
 12389 | D:9      | Killed a death yak
 12723 | D:10     | Noticed Erolcha
 12733 | D:10     | Killed Erolcha
 13044 | D:10     | Reached ***** piety under Cheibriados
 13272 | D:9      | Slain by a wolf

Vault maps used:
D:1:      dpeg_arrival_snail, grunt_decor_cap
D:2:      lemuel_coloured_pillars_altar
D:3:      okawaru_trees_1
D:4:      led_sif_book, minmay_temple_entry_overgrown, serial_shops, shop,
          minmay_door_square
D:5:      minitemple, lemuel_doored_altar, serial_shops, shop_statue,
          first_bread, uniq_pikel
D:7:      black_bear_nest_2, serial_shops, shop, shop,
          nicolae_shop_competitors_out_of_business, shop,
          nicolae_shop_behind_doors
D:9:      gammafunk_temple_overflow_statue, uniq_gastronok
D:10:     dpeg_lair_monsters, david_orc_3, uniq_grum, uniq_fannar, uniq_erolcha
Temple:   oiseaux_autumnal_temple

Skill      XL: |  1  2  3  4  5  6  7  8  9 10 11 |
---------------+----------------------------------+-----
Dodging        | 1 2 3 4 5 7 |  7.7
Axes           | 3 |  3.0
Armour         | 4 5 6 7 8 9 |  9.5
Fighting       | 4 5 6 7 8 9 |  9.4
Shields        | 4 5 6 7 8 |  8.7
Polearms       | 1 2 3 5 6 7 |  7.0
Spellcasting   | 3 |  3.0
Maces & Flails | |  0.2

Action                   |  1- 3 |  4- 6 |  7- 9 | 10-12 || total
-------------------------+-------+-------+-------+-------++-------
Melee: War axe           |   129 |    83 |       |       ||   212
       Spear             |       |   219 |   479 |   450 ||  1148
       Whip              |       |     7 |       |       ||     7
Invok: Bend Time         |       |       |       |     2 ||     2
Evoke: Wand              |       |       |     1 |     6 ||     7
  Use: Potion            |     2 |     4 |     3 |     6 ||    15
       Scroll            |       |    10 |    13 |     4 ||    27
 Stab: Sleeping          |       |       |     6 |     5 ||    11
       Confused          |       |       |       |     7 ||     7
  Eat: Chunk             |     3 |    13 |    11 |     5 ||    32
       Meat ration       |       |       |       |     1 ||     1
Armor: Scale mail        |    80 |   114 |       |       ||   194
       Shadow dragon sca |       |     3 |   169 |   163 ||   335
Dodge: Dodged            |    45 |    74 |    90 |   189 ||   398
Block: Shield            |    67 |   136 |   180 |   291 ||   674
